Description

.

Build Order

Get SALT Encoding   

  16  1:00  Barracks  3x Reaper, 2x Hellion, Techlab Cyclone / Techlab Raven, Tanks
  16  1:10  Refinery  16 gas, 17 gas, OC, Depot
  20  1:20  Factory  2x Hellion, Cyclone, Techlab, Tanks
  22  1:30  Command Center  3rd Refinery immediately at natural
  28  1:40  Starport  Techlab, 2x Raven, Interference Matrix
  40  5:20  Command Center  
  42  5:30  Refinery  4th gas
  48  5:40  Barracks  
  48  5:50  Barracks  2x Barracks (next to starport), Stimpack
  62  6:00  Engineering Bay  
  62  6:10  Engineering Bay  +1/+1
  62  6:20  Starport Reactor  
Spawning Tool Build Advisor. Get it on Overwolf

Analysis

.

Go to:

Details

  • Created by: ManofOnewaySC
  • Published on: Sep 08, 2024
  • Modified on: Sep 08, 2024
  • Patch: 5.0.11
  • Difficulty: Medium
Show
View Real Time Build Order
Export as new Build Order

Comments (0)

There are no comments. Be the first!

Create an account to comment!